 Dungeon Crawl Stone Soup version 0.31-a0-182-gc5ef74bbde (webtiles) character file.

Game seed: 4136567097369418876

141 qw the Chopper (level 5, -8/32 HPs)
             Began as a Gargoyle Fighter on June 21, 2023.
             Killed by divine providence
             ... invoked by an orc priest
              (12 damage)
             ... on level 3 of the Dungeon.
             The game lasted 00:01:11 (2470 turns).

qw the Chopper (Gargoyle Fighter)                   Turns: 2470, Time: 00:01:11

Health: -8/32      AC: 19    Str: 22    XL:     5   Next: 24%
Magic:  5/5        EV:  9    Int:  8    God:
Gold:   153        SH:  0    Dex:  9    Spells: 4/4 levels left

rFire   . . .        Y - +4 war axe
rCold   . . .        c - +0 buckler
rNeg    + . .        b - +0 scale mail
rPois   inf          (no helmet)
rElec   +            i - +2 cloak
rCorr   .            n - +2 pair of gloves
SInv    .            f - +1 pair of boots
Will    .....        (no amulet) Stlth
                     (no ring)
HPRegen 0.25/turn    (no ring)
MPRegen 0.09/turn

%: no passive effects
@: confused
A: sickness immunity, AC +4, negative energy resistance 1, electricity
resistance, torment resistance 1, petrification resistance
a: no special abilities


You were on level 3 of the Dungeon.
You visited 1 branch of the dungeon, and saw 3 of its levels.

You collected 153 gold pieces.


Innate Abilities, Weirdness & Mutations

You are immune to sickness and miasma.
Your stone body is resilient. (AC +4)
You are immune to poison.
You resist negative energy. (rN+)
You are resistant to electric shocks. (rElec)
You are resistant to unholy torment.
You are immune to petrification.


   Skills:
 - Level 3.2 Fighting
 + Level 4.6 Axes
 - Level 1.0 Throwing
 - Level 3.2 Armour
 - Level 3.2 Shields


You had 4 spell levels left.
You didn't know any spells.
Your spell library was empty.

Inventory:

Hand Weapons
 h - a +0 mace
 Y - a +4 war axe (weapon)
Missiles
 e - 3 javelins (quivered)
Armour
 a - a +0 chain mail
 b - a +0 scale mail (worn)
 c - a +0 buckler (worn)
 f - a +1 pair of boots (worn)
 i - a +2 cloak (worn)
 n - a +2 pair of gloves (worn)
Jewellery
 g - a ring of resist corrosion
 j - a ring of flight
Potions
 d - a potion of might
 k - a potion of magic {unknown}
 l - a potion of enlightenment {unknown}

Dungeon Overview and Level Annotations

Branches:
Dungeon (3/15)

Altars:


Message History

The orc hits you but does no damage.
You hit the orc but do no damage.
The orc is almost dead.
You closely miss something.
You hear some strange, mumbled words.
You are confused.
The orc barely misses you. Something hits you but does no damage.
The orc barely misses you. The orc hits you with a +0 mace.
Something hits you but does no damage. Something hits you but does no damage.
The orc priest looks braver for a moment.
The orc hits you but does no damage.
You hear some strange, mumbled words.
A puff of flame appears from out of thin air!
The puff of flame hits you.
The orc priest calls upon Beogh to heal the orc.
The orc is healed somewhat.
The orc closely misses you. The orc hits you but does no damage.
You hear some strange, mumbled words.
You are more confused.
You hear some strange, mumbled words.
You are more confused.
The orc hits you but does no damage.
You hear some strange, mumbled words.
A puff of flame appears from out of thin air!
The puff of flame hits you but does no damage.
The orc hits you but does no damage.
The orc priest mumbles some strange prayers to Beogh against you.
Beogh smites you! The orc hits you but does no damage.
Something hits you but does no damage. The orc hits you but does no damage.
Something hits you but does no damage. Something hits you but does no damage.
The orc barely misses you. The orc hits you with a +0 mace.
You hear some strange, mumbled words.
You are more confused.
The orc barely misses you. Something hits you but does no damage.
Something hits you but does no damage.
The orc priest invokes the aid of Beogh against you.
Beogh smites you!
You die...

#.....#.# #.....#
#.....#.# #..)..#
#..####.# #.....#
##.# #.# ##...## #.#
#.# #...######
#.####.####........#
#............#####..#
######.#########
#o{@.......
#oo########
#....o.o.. #...#.o.#.
#.... ..o. #..... ...
#.....o .. [...#.o. .
#........


You could see an orc priest and 2 orcs.

Vanquished Creatures
  An orc wizard (D:3)
  2 adders (D:2)
  2 worms
  3 dart slugs
  5 orcs (D:3)
  9 ball pythons
  3 bats
  An endoplasm (D:2)
  7 goblins
  11 hobgoblins
  7 jackals
  7 quokkas
  A frilled lizard (D:1)
  9 kobolds
  6 rats
74 creatures vanquished.

Notes
Turn   | Place    | Note
-------+----------+-------------------------------------------
     0 | D:1      | qw the Gargoyle Fighter began the quest for the Orb.
     0 | D:1      | Reached XP level 1. HP: 14/14 MP: 1/1
     0 | D:1      | 0 ||| qw: Version: 0.3-a-9-g12657ce
     0 | D:1      | 0 ||| qw: Game counter: 1526
     0 | D:1      | 0 ||| qw: Always use a shield: true
     0 | D:1      | 0 ||| qw: God list: Okawaru
     0 | D:1      | 0 ||| qw: Allow faded altars: false
     0 | D:1      | 0 ||| qw: Do Orc after D:15 true
     0 | D:1      | 0 ||| qw: Do second Lair branch before Depths: true
     0 | D:1      | 0 ||| qw: Lair rune preference: random
     0 | D:1      | 0 ||| qw: Plans: Normal, Zot:1-4, Slime:5, God:TSO, Crypt,
                  | Tomb, Abyss, Pan, Hells, Win
     0 | D:1      | 0 ||| PLANNING D:1-11
    22 | D:1      | Reached skill level 2 in Axes
   135 | D:1      | Reached XP level 2. HP: 15/19 MP: 2/2
   136 | D:1      | 136 ||| FLEEEEING.
   140 | D:1      | 140 ||| FLEEEEING.
   141 | D:1      | 141 ||| FLEEEEING.
   142 | D:1      | 142 ||| FLEEEEING.
   446 | D:1      | Reached skill level 3 in Axes
   521 | D:1      | Reached XP level 3. HP: 23/23 MP: 3/3
   521 | D:1      | 521 ||| Stepping ~*~*~tactically~*~*~ (stealth).
   703 | D:1      | Reached skill level 1 in Throwing
  1201 | D:1      | 1201 ||| UPGRADING to +2 cloak.
  1206 | D:1      | 1206 ||| UPGRADING to +0 pair of gloves.
  1211 | D:1      | 1211 ||| READING scroll labelled NINAS DUROUGAR.
  1212 | D:1      | 1212 ||| READING scroll labelled CINUSE DEDOZA.
  1213 | D:1      | 1213 ||| READING scroll labelled COIMUA ZILUX WYI.
  1217 | D:1      | 1217 ||| READING scroll labelled XAUGGO AQACROV.
  1218 | D:1      | 1218 ||| READING scroll labelled PEACUI XUIC.
  1269 | D:2      | 1269 ||| Stepping ~*~*~tactically~*~*~ (stealth).
  1288 | D:2      | 1288 ||| Stepping ~*~*~tactically~*~*~ (hiding).
  1325 | D:2      | 1325 ||| Stepping ~*~*~tactically~*~*~ (stealth).
  1333 | D:2      | Reached XP level 4. HP: 25/28 MP: 4/4
  1416 | D:2      | 1416 ||| Stepping ~*~*~tactically~*~*~ (stealth).
  1419 | D:2      | 1419 ||| Stepping ~*~*~tactically~*~*~ (hiding).
  1423 | D:2      | 1423 ||| Stepping ~*~*~tactically~*~*~ (hiding).
  1469 | D:2      | 1469 ||| READING scroll of enchant armour.
  1469 | D:2      | 1469 ||| ENCHANTING +0 pair of gloves.
  1672 | D:2      | Reached skill level 4 in Axes
  1926 | D:2      | 1926 ||| UPGRADING to +1 pair of boots.
  1931 | D:2      | 1931 ||| DROPPING ring of magical power.
  1932 | D:2      | 1932 ||| READING scroll labelled MEISURPH MIAQODWO.
  1933 | D:2      | 1933 ||| READING 3 scrolls labelled SEADEA SIABY.
  1934 | D:2      | 1934 ||| READING 2 scrolls of enchant weapon.
  1934 | D:2      | 1934 ||| ENCHANTING +1 war axe.
  1935 | D:2      | 1935 ||| READING scroll of enchant weapon.
  1935 | D:2      | 1935 ||| ENCHANTING +2 war axe.
  1936 | D:2      | 1936 ||| DRINKING 3 fizzy dark potions.
  2041 | D:2      | 2041 ||| DROPPING 2 potions of berserk rage.
  2177 | D:3      | 2177 ||| READING scroll of enchant weapon.
  2177 | D:3      | 2177 ||| ENCHANTING +3 war axe.
  2268 | D:3      | 2268 ||| READING scroll of enchant armour.
  2268 | D:3      | 2268 ||| ENCHANTING +1 pair of gloves.
  2329 | D:3      | Reached XP level 5. HP: 31/32 MP: 5/5
  2347 | D:3      | 2347 ||| DROPPING +0 whip.
  2446 | D:3      | 2446 ||| Stepping ~*~*~tactically~*~*~ (hiding).
  2465 | D:3      | HP: 8/32 [orc priest/divine providence (13)]
  2470 | D:3      | Killed from afar by an orc priest

Levels and vault maps discovered:
D:1:      dpeg_arrival_central, layout_loops_corners,
          dreamdust_princess_corridor
D:2:      layout_rooms, chequers_avenue, uniq_crazy_yiuf_cottage
D:3:      cheibrodos_pilgrimage, layout_basic, gammafunk_temple_overflow_statue,
          kennysheep_generic_room_16

Skill      XL: |  1  2  3  4 |
---------------+-------------+-----
Axes           | 2 3 4 |  4.6
Throwing       | 1 |  1.0
Fighting       | |  3.2
Armour         | |  3.2
Shields        | |  3.2

Action                     |  1- 3 |  4- 6 || total
---------------------------+-------+-------++-------
  Melee: War axe           |    86 |    77 ||   163
  Throw: Javelin           |    31 |    35 ||    66
    Use: Scroll            |     5 |     7 ||    12
         Potion            |       |     1 ||     1
 Armour: Scale mail        |    52 |    58 ||   110
  Dodge: Dodged            |    40 |    34 ||    74
  Block: Buckler           |    22 |    16 ||    38

Table legend:
 A = Non-vault XP
 B = Vault XP
 C = Vault XP percentage of total XP
 D = Non-vault monster count
 E = Vault monster count
 F = Vault count percentage of total count
                 A         B        C        D         E       F
            +---------+---------+-------+---------+---------+-------
      Total |     196 |       6 |   3.0 |      72 |       2 |   2.7
            +---------+---------+-------+---------+---------+-------
        D:1 |      55 |       0 |   0.0 |      32 |       0 |   0.0
        D:2 |      74 |       0 |   0.0 |      25 |       0 |   0.0
        D:3 |      67 |       6 |   8.2 |      15 |       2 |  11.8
            +---------+---------+-------+---------+---------+-------
